 Dungeon Crawl Stone Soup version 0.31-a0-654-gbe3e110b4e (webtiles) character file.

Game seed: 8681271286266957362

214 GauntletMafia the Poker (level 5, -5/48 HPs)
             Began as a Minotaur Berserker on Aug 20, 2023.
             Was a Follower of Trog.
             Slain by Pikel
             ... wielding a +2 whip of freezing
              (7 damage)
             ... on level 5 of the Dungeon on Aug 29, 2023.
             The game lasted 00:07:03 (365 turns).

GauntletMafia the Poker (Minotaur Berserker)         Turns: 365, Time: 00:07:03

Health: -5/48      AC:  2    Str: 24    XL:     5   Next: 60%
Magic:  4/4        EV: 12    Int:  4    God:    Trog [*.....]
Gold:   7          SH:  0    Dex:  9    Spells: 4/4 levels left

rFire   . . .        a - +0 spear
rCold   . . .        (no shield)
rNeg    . . .        b - +0 animal skin
rPois   +            (helmet restricted)
rElec   .            (no cloak)
rCorr   .            (no gloves)
SInv    .            (no boots)
Will    .....        (no amulet)
Stlth   +            h - ring of poison resistance
HPRegen 0.28/turn    (no ring)
MPRegen 0.09/turn

%: no passive effects
@: on berserk cooldown, slowed, very slow
A: horns 2, retaliatory headbutt
a: Renounce Religion, Berserk


You were on level 5 of the Dungeon.
You worshipped Trog.
Trog was aware of your devotion.
You visited 1 branch of the dungeon, and saw 5 of its levels.

You collected 7 gold pieces.

Inventory:

Hand Weapons
 a - a +0 spear (weapon)
Armour
 b - a +0 animal skin (worn)
 i - a +0 cloak
 k - a +2 helmet
Magical Staves
 c - a staff of death
 e - a staff of cold
Jewellery
 h - a ring of poison resistance (left hand)
Scrolls
 j - a scroll of identify {unknown}
Potions
 d - a potion of haste {unknown}
 f - 2 potions of lignification {unknown}


   Skills:
 + Level 5.2 Fighting
 + Level 5.5 Polearms
 + Level 3.0 Armour
 + Level 3.5 Dodging


You had 4 spell levels left.
You didn't know any spells.
Your spell library contained the following spells:

 Spells                   Type           Power      Damage    Failure   Level
 Apportation              Tloc           0%         N/A       50%         1
 Necrotise                Necr           0%         1d4       50%         1
 Summon Small Mammal      Summ           0%         N/A       50%         1


Dungeon Overview and Level Annotations

Branches:
Dungeon (5/15)
 Temple: D:4-7

Altars:

Annotations:
D:5 Pikel


Innate Abilities, Weirdness & Mutations

You have a pair of horns on your head.
You reflexively headbutt those who attack you in melee.


Message History

Found a stone staircase leading down.
You feel a strong urge to attack something.
Pikel, Merchant of Souls comes into view.
He is wielding a +2 whip of freezing.
Pikel shouts!
A lemure comes into view.
You feel your anger nearly subside.
You are no longer berserk.
You are exhausted.
You feel yourself slow down.
A lemure comes into view.
You hit the lemure.
The lemure is lightly wounded.
The lemure closely misses you.
You hit the lemure. You headbutt the lemure!
The lemure is severely wounded.
The lemure barely misses you. x2; You furiously retaliate!
You headbutt the lemure. You barely miss the lemure.
Your headbutt misses the lemure.
The lemure is severely wounded.
The lemure hits you. The lemure closely misses you. x2
An orc comes into view. It is wielding a +0 flail.
The orc shouts!
An orc comes into view. It is wielding a +0 war axe.
You closely miss the lemure. Your headbutt misses the lemure.
The lemure is severely wounded.
An orc wizard comes into view. It is wielding a +0 dagger.
An orc comes into view. It is wielding a +0 whip.
Pikel hits you with a +2 whip of freezing.
Pikel freezes you. The lemure closely misses you. You furiously retaliate!
You headbutt the lemure.
The orc shouts!
The orc wizard shouts!
You hit the lemure. Your headbutt misses the lemure.
The lemure is moderately wounded.
Pikel cracks his whip.
Pikel hits you with a +2 whip of freezing!
Pikel freezes you. The lemure hits you.
Pikel hits you with a +2 whip of freezing!
* * * LOW HITPOINT WARNING * * *
Pikel freezes you!
You die...
Pikel says, "Another soul for the market."

#######+++#
#.........#.
####..5....o...
#.....5....o...
#....5K@oo.#...
#.....###.##
#.....# .#
#####5.....
#......#
#..>...+
.......#
..5....#
....5...


You could see Pikel, 3 lemures, an orc wizard and 3 orcs.

Vanquished Creatures
  Grinder (D:3)
  A gnoll (D:5)
  An adder (D:3)
  A dart slug (D:5)
  A ball python (D:2)
  An endoplasm (D:1)
  A giant cockroach (D:3)
  2 hobgoblins
  A kobold (D:1)
  A quokka (D:1)
11 creatures vanquished.

Notes
Turn   | Place    | Note
-------+----------+-------------------------------------------
     0 | D:1      | GauntletMafia the Minotaur Berserker began the quest for
                  | the Orb.
     0 | D:1      | Reached XP level 1. HP: 19/19 MP: 0/0
    91 | D:2      | Upgraded the game from 0.31-a0-596-g831eee08f1 to
                  | 0.31-a0-654-gbe3e110b4e
    99 | D:2      | Reached XP level 2. HP: 21/27 MP: 1/1
   258 | D:3      | Noticed Grinder
   266 | D:3      | Killed Grinder
   267 | D:3      | Reached skill level 5 in Fighting
   267 | D:3      | Reached skill level 5 in Polearms
   267 | D:3      | Reached XP level 3. HP: 36/36 MP: 2/2
   267 | D:3      | Reached XP level 4. HP: 42/42 MP: 3/3
   267 | D:3      | Reached XP level 5. HP: 48/48 MP: 4/4
   342 | D:5      | Entered Level 5 of the Dungeon
   351 | D:5      | Noticed a lemure
   351 | D:5      | Noticed a lemure
   354 | D:5      | Noticed Pikel
   355 | D:5      | Noticed a lemure
   355 | D:5      | Noticed a lemure
   365 | D:5      | HP: 2/48 [Pikel/+2 whip of freezing (13)]
   365 | D:5      | Slain by Pikel

Illustrated notes

Levels and vault maps discovered:
D:1:      dpeg_arrival_rhombus, layout_basic
D:2:      layout_basic, uniq_jessica
D:3:      minmay_diamond_boxcup, layout_loops_ring,
          mainiacjoe_overflow_24_doors, amethyst_overflow_temple_binary,
          uniq_ijyb, uniq_sigmund, uniq_grinder
D:4:      layout_cave_pods, minmay_temple_entry_sparse_star
D:5:      cheibrodos_barr_body, layout_basic, minitemple,
          mainiacjoe_overflow_alcove_4, cheibrodos_sewer_entry_drain,
          serial_bayou_pond_e, amcnicky_altar_lugonu_corruption, uniq_pikel

Skill      XL: |  1  2 |
---------------+-------+-----
Polearms       | 5 |  5.5
Fighting       | 5 |  5.2
Armour         | 3 |  3.0
Dodging        | 3 |  3.5

Action                     |  1- 3 |  4- 6 || total
---------------------------+-------+-------++-------
  Melee: Spear             |    22 |    10 ||    32
         Headbutt          |     1 |     2 ||     3
 Invoke: Berserk           |     1 |     1 ||     2
    Use: Scroll            |       |     1 ||     1
 Armour: Animal skin       |     2 |       ||     2
  Dodge: Dodged            |    25 |    14 ||    39

Table legend: (Time is in decaauts)
 A = Elapsed time spent in this place.
 B = Non-inter-level travel time spent in this place.
 C = Inter-level travel time spent in this place.
 D = Time resting spent in this place.
 E = Time spent auto-exploring this place.
 F = Levels seen in this place.
 G = Mean time per level.
                   A        B        C        D        E       F      G
               +--------+--------+--------+--------+--------+-----+--------+
         Total |    373 |    373 |      0 |      0 |    113 |   5 |   74.6 |
       Dungeon |    373 |    373 |      0 |      0 |    113 |   5 |   74.6 |
               +--------+--------+--------+--------+--------+-----+--------+

Top non-repeatable levels by time:
     D:2: 141 daAuts
     D:3: 118 daAuts
     D:1: 78 daAuts
     D:5: 23 daAuts
     D:4: 11 daAuts
